AoeStats
← [GDL] Maldito Pantoja

Nomad

503965885Analyzed
4v4 RM · 1mo ago on Sep 3, 2026· 43m 29s· 8 players
Game mode
Random Map
Map size
231×231
Population
200
Speed
Normal
Resources
Standard
Victory
Conquest
Starting age
Dark Age
Ending age
Imperial Age
RankedLock teamsTeams togetherTeam positionsShared explorationLock speedFull tech treeHidden civsTurbo modeCheats
Victory
Defeat
🇨🇳 Persians · China
1390
+12
🇨🇳 Mongols · China
1366
+13
🇹🇼 Turks · Taiwan
1332
+14
🇨🇳 Britons · China
1292
+16
🇺🇸 Spanish · United States
1364
-17
🇲🇽 Maya · Mexico
1333
-15
🇪🇸 Vietnamese · Spain
1312
-14
🇦🇺 Japanese · Australia
1170
-9
[GDL] Maldito Pantoja
4:28 Loom
14:43 Feudal Age
15:27 Double-Bit Axe
19:12 Gold Mining
23:59 Castle Age
21:56 Stone Mining
22:01 Horse Collar
22:47 Fletching
22:58 Padded Archer Armor
27:59 Wheelbarrow
28:40 Bodkin Arrow
34:44 Bow Saw
34:35 Heavy Plow
39:17 Imperial Age
37:46 Leather Archer Armor
38:22 Thumb Ring
38:45 Ballistics
40:08 Bracer
41:09 Chemistry
42:53 Ring Archer Armor
Auto Horse
5:02 Loom
12:36 Feudal Age
21:23 Castle Age
19:35 Double-Bit Axe
19:34 Horse Collar
23:30 Padded Archer Armor
26:29 Bloodlines
38:21 Leather Archer Armor
666
10:53 Loom
14:53 Feudal Age
16:03 Fishing Lines
19:29 Castle Age
20:21 Medium Warships
21:46 Double-Bit Axe
21:45 Horse Collar
22:26 Gillnets
23:46 Bow Saw
27:34 Fletching
33:44 Wheelbarrow
33:02 Gold Mining
34:54 Ballistics
34:13 Elite Skirmisher
Gandalfff
6:07 Loom
17:27 Feudal Age
18:01 Double-Bit Axe
19:13 Horse Collar
22:09 Wheelbarrow
27:27 Castle Age
28:57 Scale Mail Armor
29:38 Squires
34:37 Fletching
34:48 Padded Archer Armor
35:18 Bodkin Arrow
34:47 Pikeman
34:58 Elite Skirmisher
タンヤ
13:51 Feudal Age
17:25 Castle Age
17:01 Double-Bit Axe
17:10 Gold Mining
18:27 Bow Saw
18:20 Padded Archer Armor
20:08 Horse Collar
24:52 Wheelbarrow
28:01 Hand Cart
28:32 Stone Mining
28:55 Heavy Plow
29:46 Gold Shaft Mining
34:17 Fletching
41:02 Imperial Age
40:37 Ballistics
42:31 Masonry
43:02 Hoardings
43:06 Conscription
超级硬邦邦
3:54 Loom
18:18 Feudal Age
20:19 Double-Bit Axe
20:29 Gold Mining
22:42 Castle Age
21:35 Forging
23:48 Iron Casting
23:18 Husbandry
25:01 Bloodlines
29:54 Fishing Lines
31:13 Medium Warships
34:42 Horse Collar
36:28 Wheelbarrow
35:39 Town Watch
39:35 Imperial Age
37:22 Hand Cart
37:14 Gillnets
38:23 Scale Barding Armor
38:20 Heavy Plow
39:33 Cavalier
41:14 Chain Barding Armor
42:30 Blast Furnace
42:17 Crop Rotation
43:06 Bow Saw
44:04 Gold Shaft Mining
43:19 Stone Mining
biubiu
14:35 Feudal Age
12:51 Loom
19:33 Castle Age
17:23 Double-Bit Axe
17:51 Gold Mining
18:35 Fletching
18:30 Fishing Lines
19:40 Crossbowman
20:16 Bodkin Arrow
21:39 Bow Saw
25:17 Gold Shaft Mining
24:37 Gillnets
26:14 Padded Archer Armor
27:42 Wheelbarrow
26:52 Town Watch
32:12 Imperial Age
30:30 Ballistics
33:00 Leather Archer Armor
32:44 Arbalester
33:25 Bracer
34:27 Chemistry
34:57 Ring Archer Armor
34:43 Stone Mining
37:07 Capped Ram
38:54 Two-Man Saw
37:44 Horse Collar
38:47 Conscription
43:49 Heavy Plow
冰石戟
4:03 Loom
13:31 Feudal Age
14:41 Double-Bit Axe
19:12 Castle Age
18:05 Forging
20:04 Medium Warships
30:26 Wheelbarrow
30:50 Bow Saw
30:25 Horse Collar
31:04 Fletching
32:30 Hand Cart
36:54 Imperial Age
34:10 Town Watch
34:10 Fishing Lines
34:37 Bodkin Arrow
35:10 Gold Mining
35:12 Stone Mining
35:41 Town Patrol
35:45 Heavy Plow
36:10 Padded Archer Armor
37:25 Ballistics
37:28 Bloodlines
37:18 Husbandry
37:25 Thumb Ring
37:40 Bracer
38:42 Chemistry
37:21 Capped Ram
38:40 Conscription
38:16 Light Cavalry
39:14 Leather Archer Armor
39:06 Siege Engineers
39:23 Hussar
41:10 Scale Barding Armor
41:18 Elite Mangudai
42:24 Chain Barding Armor
Connection lost

Rejoining the realm…

Still unreachable

The connection could not be restored.

Session expired

The server has moved on; the page needs a fresh start.